 Dungeon Crawl Stone Soup version 0.31-a0-18-gea43df2a32 (webtiles) character file.

Game seed: 1631812911313427161

91 ders the Digger (level 4, -7/24 HPs)
             Began as a Gargoyle Earth Elementalist on May 9, 2023.
             Mangled by a gnoll
             ... wielding a +0 halberd
              (9 damage)
             ... on level 3 of the Dungeon.
             The game lasted 00:02:17 (2257 turns).

ders the Digger (Gargoyle Earth Elementalist)       Turns: 2257, Time: 00:02:17

Health: -7/24      AC:  5    Str: 12    XL:     4   Next: 57%
Magic:  9/9        EV: 11    Int: 17    God:
Gold:   82         SH:  0    Dex: 10    Spells: 5/9 levels left

rFire   . . .        u - +0 flail
rCold   . . .        (no shield)
rNeg    + . .        a - +0 robe
rPois   ∞            (no helmet)
rElec   +            (no cloak)
rCorr   .            (no gloves)
SInv    .            (no boots)
Will    .....        (no amulet)
Stlth   ++           (no ring)
HPRegen 0.24/turn    (no ring)
MPRegen 0.11/turn

%: no passive effects
@: no status effects
A: sickness immunity, AC +3, negative energy resistance 1, electricity
resistance, torment resistance 1, petrification resistance
a: no special abilities


You were on level 3 of the Dungeon.
You visited 1 branch of the dungeon, and saw 3 of its levels.

You collected 82 gold pieces.

Inventory:

Hand Weapons
 u - a +0 flail (weapon)
Armour
 a - a +0 robe (worn)
Jewellery
 e - a ring of fire
 k - an amulet of reflection
Scrolls
 c - 3 scrolls of teleportation {unknown}
 d - a scroll of fear {unknown}
 g - a scroll of enchant weapon {unknown}
 h - 2 scrolls of fog {unknown}
 i - a scroll of blinking {unknown}
 m - 2 scrolls of enchant armour {unknown}
 n - a scroll of identify {unknown}
 o - a scroll of silence {unknown}
 q - a scroll of immolation {unknown}
 s - a scroll of magic mapping {unknown}
Potions
 f - a potion of brilliance {unknown}
 j - 2 potions of berserk rage {unknown}
 l - a potion of flight {unknown}
 p - a potion of mutation {unknown}
 r - a potion of haste {unknown}
 t - a potion of curing {unknown}


   Skills:
 - Level 1.5 Dodging
 - Level 2.1 Stealth
 + Level 3.3 Spellcasting
 - Level 0.7 Transmutations
 + Level 5.1 Earth Magic


You had 5 spell levels left.
You knew the following spells:

 Your Spells              Type           Power      Damage    Failure   Level
a - Sandblast             Erth           40%        2d10      1%          1
b - Stone Arrow           Conj/Erth      22%        3d8       19%         3

Your spell library contained the following spells:

 Spells                   Type           Power      Damage    Failure   Level
 Passwall                 Tmut/Erth      10%        N/A       8%          2
 Blink                    Tloc           4%         N/A       26%         2
 Lesser Beckoning         Tloc           4%         N/A       26%         2
 Momentum Strike          Conj/Tloc      4%         3d8       26%         2
 Petrify                  Tmut/Erth      12%        N/A       45%         4


Dungeon Overview and Level Annotations

Branches:
Dungeon (3/15)

Altars:


Innate Abilities, Weirdness & Mutations

You are immune to sickness and miasma.
Your stone body is resilient. (AC +3)
You are immune to poison.
You resist negative energy. (rN+)
You are resistant to electric shocks. (rElec)
You are resistant to unholy torment.
You are immune to petrification.


Message History

Confirm with . or Enter, or press ? or * to list all spells.
Aiming: Sandblast (safe; 1% risk of failure)
Press: ? - help, Shift-Dir - straight line, f - jackal
Aim: a jackal (79% to hit)
The blast of sand hits the jackal.
The jackal is moderately wounded.
The jackal bites you. The jackal misses you. The jackal bites you.
The jackal closely misses you.
Unknown command.
Casting: Sandblast (safe; 1% risk of failure)
Confirm with . or Enter, or press ? or * to list all spells.
Aiming: Sandblast (safe; 1% risk of failure)
Press: ? - help, Shift-Dir - straight line, f/p - jackal
Aim: a jackal (moderately wounded, 79% to hit)
The blast of sand hits the jackal!
You kill the jackal!
The jackal misses you. The jackal closely misses you. x2
Unknown command.
The jackal attacks as you move away! The jackal misses you.
Things that are here:
a +0 flail; a +0 scale mail; the human corpse of Terence
u - a +0 flail The jackal barely misses you.
u - a +0 flail (weapon)
The jackal misses you.
You sock the jackal!
You kill the jackal!
The gnoll hits you with a +0 halberd!
Casting: Sandblast (safe; 1% risk of failure)
Confirm with . or Enter, or press ? or * to list all spells.
Aiming: Sandblast (safe; 1% risk of failure)
Press: ? - help, Shift-Dir - straight line, f - gnoll
Aim: a gnoll, wielding a +0 halberd (85% to hit)
The blast of sand hits the gnoll.
The gnoll is moderately wounded.
The gnoll closely misses you. The gnoll hits you with a +0 halberd!
* * * LOW HITPOINT WARNING * * *
Unknown command.
Magic courses through your body. The gnoll hits you with a +0 halberd!
You die...

.....#
....#+####
....)...#
#......#
#####......#
#..........#
#....).....#
#...[.####.#
#...@.# #.#
#..g†.# #.#
#.....#
#.########
#...!.#
#.........
#.....#
#.........
......#
#.........
.......#
#.........
........#
#.........
#.........##


You could see a gnoll.

Vanquished Creatures
  Terence (D:3)
  An adder (D:3)
  A worm (D:2)
  An orc (D:3)
  6 endoplasms
  4 giant cockroaches
  4 goblins
  6 hobgoblins
  4 jackals (D:3)
  2 quokkas
  4 ball pythons
  3 bats
  2 frilled lizards
  5 kobolds
  9 rats
53 creatures vanquished.

Notes
Turn   | Place    | Note
-------+----------+-------------------------------------------
     0 | D:1      | ders the Gargoyle Earth Elementalist began the quest for
                  | the Orb.
     0 | D:1      | Reached XP level 1. HP: 10/10 MP: 3/3
   221 | D:1      | Reached XP level 2. HP: 13/15 MP: 1/5
   286 | D:1      | Reached skill level 4 in Earth Magic
   742 | D:1      | Reached XP level 3. HP: 19/19 MP: 3/6
  2088 | D:3      | Reached XP level 4. HP: 22/24 MP: 6/8
  2233 | D:3      | Learned a level 3 spell: Stone Arrow
  2238 | D:3      | Noticed Terence
  2244 | D:3      | Killed Terence
  2245 | D:3      | Reached skill level 5 in Earth Magic
  2257 | D:3      | Mangled by a gnoll

Illustrated notes

Levels and vault maps discovered:
D:1:      psy_arrival_fountain, layout_loops_ring
D:2:      minmay_door_path, layout_loops_corners
D:3:      minmay_inner_zag, layout_basic, minmay_ogre_servants, uniq_terence

Skill      XL: |  1  2  3  4 |
---------------+-------------+-----
Earth Magic    | 4 5 |  5.1
Spellcasting   | 3 |  3.3
Dodging        | |  1.5
Stealth        | |  2.1
Transmutations | |  0.7

Action                     |  1- 3 |  4- 6 || total
---------------------------+-------+-------++-------
  Melee: Unarmed           |     2 |       ||     2
         Flail             |       |     1 ||     1
   Cast: Sandblast         |    55 |    16 ||    71
    Use: Potion            |       |     1 ||     1
   Stab: Sleeping          |     1 |       ||     1
 Armour: Robe              |     4 |     1 ||     5
  Dodge: Dodged            |    11 |    11 ||    22

Table legend: (Time is in decaauts)
 A = Elapsed time spent in this place.
 B = Non-inter-level travel time spent in this place.
 C = Inter-level travel time spent in this place.
 D = Time resting spent in this place.
 E = Time spent auto-exploring this place.
 F = Levels seen in this place.
 G = Mean time per level.
                   A        B        C        D        E       F      G
               +--------+--------+--------+--------+--------+-----+--------+
         Total |   2292 |   2239 |     53 |      0 |   1966 |   3 |  764.0 |
       Dungeon |   2292 |   2239 |     53 |      0 |   1966 |   3 |  764.0 |
               +--------+--------+--------+--------+--------+-----+--------+

Top non-repeatable levels by time:
     D:2: 1033 daAuts
     D:1: 971 daAuts
     D:3: 287 daAuts
